 Dungeon Crawl Stone Soup version 0.22-a0-412-g2b68d14 (webtiles) character file.

1486 Borgoz the Chopper (level 8, -13/51 HPs)
             Began as a Gargoyle Abyssal Knight on May 12, 2018.
             Was a Priest of Lugonu.
             Blown up by an eye of devastation (44 damage)
             ... with a bolt of energy
             ... on level 6 of the Dungeon.
             The game lasted 00:10:08 (5113 turns).

Borgoz the Chopper (Gargoyle Abyssal Knight)        Turns: 5113, Time: 00:10:09

Health: -13/51     AC: 10    Str: 16    XL:     8   Next: 80%
Magic:  9/9        EV: 13    Int: 13    God:    Lugonu [***...]
Gold:   335        SH:  0    Dex: 11    Spells: 7/7 levels left

rFire    + + .     SeeInvis .   a - +1 war axe (chop)
rCold    x . .     Gourm    .   (no shield)
rNeg     + . .     Faith    +   j - +1 leather armour {rF+}
rPois    ∞         Spirit   .   (no helmet)
rElec    +         Reflect  .   (no cloak)
rCorr    .         Harm     .   (no gloves)
MR       .....                  (no boots)
Stlth    ..........             x - amulet of faith
HPRegen  0.17/turn              v - ring of loudness (curse)
MPRegen  0.11/turn              i - ring of fire

@: no status effects
A: negative energy resistance 1, electricity resistance, unbreathing,
petrification resistance, rot immunity, AC +5
a: Depart the Abyss, Bend Space, Banish, Renounce Religion


You were on level 6 of the Dungeon.
You worshipped Lugonu.
Lugonu was most pleased with you.
You were very hungry.

You visited 2 branches of the dungeon, and saw 7 of its levels.
You visited the Abyss 1 time.
You also visited: Sewer.

You collected 335 gold pieces.

Inventory:

Hand Weapons
 a - a +1 war axe of chopping (weapon)
 b - the +4 flail "Niusat" {venom, +Inv rPois Dex+2}
   (You found it on level 5 of the Dungeon)

   It poisons the flesh of those it strikes.
   It affects your dexterity (+2).
   It protects you from poison.
   It lets you turn invisible.
Armour
 j - a +1 leather armour of fire resistance (worn)
Jewellery
 i - a ring of fire (right hand)
 v - a cursed ring of loudness (left hand)
 x - an amulet of faith (around neck)
Wands
 q - a wand of polymorph (26)
 s - a wand of paralysis (17)
 w - a wand of flame (24)
Scrolls
 f - 9 scrolls of remove curse
 h - a scroll of immolation {unknown}
 n - a scroll of enchant armour {unknown}
 o - 2 scrolls of teleportation {unknown}
 p - 2 scrolls of identify
 r - a scroll of fog
 u - a scroll of magic mapping {unknown}
 y - a scroll of amnesia
Potions
 d - 3 potions of heal wounds
 e - a potion of lignification {unknown}
 g - 3 potions of agility {unknown}
 k - 3 potions of might
 l - 5 potions of flight
 m - 3 potions of curing
 t - a potion of invisibility {unknown}
Comestibles
 c - 10 rations


   Skills:
 + Level 6.1 Fighting
 + Level 7.2 Axes
 + Level 3.5 Armour
 + Level 3.6 Dodging
 + Level 1.8 Stealth
 + Level 2.2 Invocations
 + Level 0.2 Evocations


You had 7 spell levels left.
You didn't know any spells.
Your spell library was empty.

Dungeon Overview and Level Annotations

Branches:
Dungeon (6/15)             Temple (1/1) D:4

Altars:
Ashenzari
Cheibriados
Dithmenos
Fedhas
Gozag
Hepliaklqana
Kikubaaqudgha
Makhleb
Nemelex Xobeh
Okawaru
Qazlal
Ru
Sif Muna
Trog
Uskayaw
Vehumet
Xom
Yredelemnul
Zin
The Shining One

Shops:
D:6 :


Innate Abilities, Weirdness & Mutations

You are resistant to torment.
Your stone body is resilient. (AC +5)
You are immune to poison.
You resist negative energy. (rN+)
You are resistant to electric shocks. (rElec)
You can survive without breathing.
You are immune to petrification.
You are immune to rotting.


Message History

The eye of devastation gazes at you. The bolt of energy misses you.
You hit the eye of devastation but do no damage.
The eye of devastation is moderately wounded.
You hit the eye of devastation.
The eye of devastation is heavily wounded.
You hit the eye of devastation.
The eye of devastation is heavily wounded.
You hit the eye of devastation.
The eye of devastation is severely wounded.
The eye of devastation gazes at you. The bolt of energy misses you.
You slash the eye of devastation!
The eye of devastation is severely wounded.
You hit the eye of devastation but do no damage.
The eye of devastation is severely wounded.
The eye of devastation gazes at you. The bolt of energy hits you!
Ouch! That really hurt!
You die...

#.###.#######.####
####..##.# #.#
#....(...# #.####
#..##.#### #^....
#..#...## ######
####...###.#
....... #.#
##..G###.#
#..#@$..# #.
##.#.# #. #.#.#
#.#.# #.#.# #.#.#
..... #.#.# #.#


You could see an eye of devastation.

Vanquished Creatures
  A fire bat (D:4)
  Edmund (D:5)
  Menkaure (D:5)
  Duvessa (D:5)
  A water moccasin (D:4)
  A black bear (D:6)
  A big kobold (Sewer)
  A bullfrog (D:4)
  Dowan (D:5)
  A scorpion (D:4)
  3 killer bees (D:6)
  A crimson imp (D:5)
  A bullfrog skeleton (D:5)
  2 hounds
  An orc wizard (D:3)
  A centaur skeleton (D:6)
  Ijyb (D:5)
  2 worker ants
  2 hound skeletons
  4 adders
  3 river rats
  2 shadow imps (D:5)
  An adder skeleton (D:5)
  5 worms
  3 leopard geckos
  7 orcs
  A ball python (D:6)
  9 giant cockroaches
  6 goblins
  4 hobgoblins
  A jackal (Sewer)
  14 kobolds
  3 quokkas
  A ball python skeleton (D:5)
  6 bats
  4 frilled lizards
  14 rats
112 creatures vanquished.

Notes
Turn   | Place    | Note
-------+----------+-------------------------------------------
     0 | Abyss:1  | Borgoz the Gargoyle Abyssal Knight began the quest for the Orb.
     0 | Abyss:1  | Reached XP level 1. HP: 14/14 MP: 2/2
    25 | Abyss:1  | Found a burning altar of Makhleb.
    73 | Abyss:2  | Noticed a demonic crawler
    77 | D:1      | Escaped the Abyss
    95 | D:1      | Reached skill level 2 in Axes
    96 | D:1      | Reached XP level 2. HP: 12/19 MP: 3/3
   350 | D:1      | Reached * piety under Lugonu
   867 | D:2      | Reached skill level 1 in Dodging
   867 | D:2      | Reached XP level 3. HP: 24/24 MP: 4/4
  1656 | D:2      | Reached XP level 4. HP: 25/29 MP: 5/5
  1736 | D:2      | Reached skill level 3 in Axes
  2194 | D:3      | Reached XP level 5. HP: 21/33 MP: 6/6
  2247 | D:3      | Found a glowing drain.
  2253 | Sewer    | Entered a sewer
  2258 | Sewer    | Reached ** piety under Lugonu
  2270 | Sewer    | Reached skill level 1 in Stealth
  2460 | Sewer    | Noticed a big kobold
  2483 | Sewer    | Killed a big kobold
  2566 | Sewer    | Found a white marble altar of Elyvilon.
  2747 | D:3      | Reached XP level 6. HP: 39/39 MP: 7/7
  2916 | D:4      | Reached skill level 4 in Axes
  2929 | D:4      | Found a staircase to the Ecumenical Temple.
  2955 | Temple   | Entered the Ecumenical Temple
  3505 | D:4      | Noticed a water moccasin
  3505 | D:4      | an ogre changed into a water moccasin
  3514 | D:4      | Killed a water moccasin
  3514 | D:4      | Reached XP level 7. HP: 38/44 MP: 8/8
  3569 | D:4      | Noticed a fire bat
  3569 | D:4      | an ogre changed into a fire bat
  3581 | D:4      | Killed a fire bat
  3581 | D:4      | Reached skill level 5 in Fighting
  3581 | D:4      | Reached skill level 5 in Axes
  3853 | D:4      | Found a bloodstained altar of Trog.
  4090 | D:5      | Entered Level 5 of the Dungeon
  4105 | D:5      | Noticed Duvessa
  4106 | D:5      | Noticed Dowan
  4109 | D:5      | Noticed Ijyb
  4111 | D:5      | Paralysed by Ijyb for 2 turns
  4117 | D:5      | Killed Duvessa
  4118 | D:5      | Paralysed by Ijyb for 5 turns
  4128 | D:5      | Killed Ijyb
  4137 | D:5      | Killed Dowan
  4137 | D:5      | Reached XP level 8. HP: 18/50 MP: 9/9
  4358 | D:5      | Got a smoking flail
  4359 | D:5      | Identified the +4 flail "Niusat" {venom, +Inv rPois Dex+2} (You found it on level 5 of the Dungeon)
  4416 | D:5      | Noticed Menkaure
  4426 | D:5      | Killed Menkaure
  4624 | D:5      | Noticed Edmund
  4637 | D:5      | Killed Edmund
  4637 | D:5      | Reached skill level 6 in Axes
  4846 | D:6      | Found Fasijafe's Book Emporium.
  4858 | D:6      | Reached *** piety under Lugonu
  4975 | D:6      | Reached skill level 7 in Axes
  5096 | D:6      | Noticed a two-headed ogre
  5100 | D:6      | Noticed an eye of devastation
  5100 | D:6      | a two-headed ogre changed into an eye of devastation
  5113 | D:6      | Blown up by an eye of devastation

Vault maps used:
D:1:      ncdulo_watergridlock
D:2:      dk_noncrumbling_3
D:3:      gup_sewer_entry_spiral
D:4:      minmay_temple_entry_large_hall, minivault_14, trog_book
D:5:      first_ration, amethyst_killhole, uniq_edmund, uniq_duvessa,
          uniq_menkaure, uniq_ijyb
D:6:      serial_shops, nicolae_shop_statue_plus, shop,
          kennysheep_generic_room_8
Temple:   regret_index_temple_sigil_plot
Sewer:    sewer_kobolds

Skill      XL: |  1  2  3  4  5  6  7  8 |
---------------+-------------------------+-----
Axes           | 2 3 4 5 7 |  7.2
Dodging        | 1 2 3 |  3.6
Fighting       | 4 5 6 |  6.1
Stealth        | 1 |  1.8
Armour         | 3 |  3.5
Invocations    | |  2.2
Evocations     | |  0.2

Action                   |  1- 3 |  4- 6 |  7- 9 || total
-------------------------+-------+-------+-------++-------
Melee: Hand axe          |   131 |   179 |       ||   310
       War axe           |       |     7 |   120 ||   127
Invok: Depart the Abyss  |     1 |       |       ||     1
Evoke: Wand              |       |     1 |     2 ||     3
  Use: Scroll            |       |     7 |       ||     7
       Potion            |       |     2 |     1 ||     3
  Eat: Chunk             |     2 |     7 |     4 ||    13
Armor: Leather armour    |    48 |    67 |    76 ||   191
Dodge: Dodged            |    77 |   121 |   118 ||   316

Table legend:
 A = Spawn XP
 B = Non-spawn XP
 C = Spawn XP percentage of total XP
 D = Spawn monster count
 E = Non-spawn monster count
 F = Spawn count percentage of total count
 G = Total turns spent on level
                    A         B        C        D         E        F      G
               +---------+---------+-------+---------+---------+-------+---------
         Total |       0 |    2123 |   0.0 |       0 |     112 |   0.0 |  5113
               +---------+---------+-------+---------+---------+-------+---------
           D:1 |       0 |      32 |   0.0 |       0 |      22 |   0.0 |   783
           D:2 |       0 |      71 |   0.0 |       0 |      21 |   0.0 |   881
           D:3 |       0 |      89 |   0.0 |       0 |      20 |   0.0 |   786
           D:4 |       0 |     562 |   0.0 |       0 |      13 |   0.0 |  1095
           D:5 |       0 |     776 |   0.0 |       0 |      14 |   0.0 |   756
           D:6 |       0 |     464 |   0.0 |       0 |      11 |   0.0 |   267
         Sewer |       0 |     129 |   0.0 |       0 |      11 |   0.0 |   376
               +---------+---------+-------+---------+---------+-------+---------
